 Dungeon Crawl Stone Soup version 0.29.1-14-g9c671dbff4 (webtiles) character file.

Game seed: 2394150019088277030

219 tizbic2 the Ruffian (level 5, -1/39 HPs)
             Began as a Vine Stalker Transmuter on Feb 12, 2023.
             Was an Initiate of Okawaru.
             Slain by a hornet (5 damage)
             ... while paralysed by a hornet
             ... on level 4 of the Dungeon on Feb 13, 2023.
             The game lasted 00:12:35 (2267 turns).

tizbic2 the Ruffian (Vine Stalker Transmuter)       Turns: 2267, Time: 00:12:35

Health: -1/39      AC: 22    Str: 21    XL:     5   Next: 96%
Magic:  0/3        EV:  2    Int: 13    God:    Okawaru [......]
Gold:   70         SH:  0    Dex: 14    Spells: 7/10 levels left

rFire   . . .      SeeInvis .   u - +7 short sword of the Rescuing Gods {antimagic, Int+4}
rCold   + + .      Faith    .   (no shield)
rNeg    + . .      Spirit   +   (body armour currently unavailable)
rPois   +          Reflect  .   (helmet currently unavailable)
rElec   .          Harm     .   (cloak currently unavailable)
rCorr   .          Rampage  .   (gloves currently unavailable)
Will    +....      NoTele   +   (boots currently unavailable)
Stlth   +.........              (no amulet)
HPRegen 0.93/turn               l - ring of Fixation {rC++ rN+ Will+ Str+6 Int-4}
MPRegen 0.08/turn               (no ring)

@: paralysed, tree-form
A: stationary, stasis, torment immunity, boosted hp, (fangs 2), regeneration 1,
magic shield, (antimagic bite), no potion heal 2
a: Renounce Religion


You were on level 4 of the Dungeon.
You worshipped Okawaru.
Okawaru was noncommittal.
You were a tree.
You visited 1 branch of the dungeon, and saw 4 of its levels.

You collected 70 gold pieces.

Inventory:

Hand Weapons
 d - a +3 spear of freezing
 i - a +1 dagger of venom
 r - a +4 flail
 u - the +7 short sword of the Rescuing Gods (weapon) {antimagic, Int+4}
   (You found it on level 4 of the Dungeon)

   It reduces the magical energy of the wielder, and disrupts the spells and
   magical abilities of those it strikes.
   Natural abilities and divine invocations are not affected.
   Int:       It affects your intelligence (+4).
Armour
 q - a +2 ring mail of poison resistance (melded)
Jewellery
 l - the ring of Fixation (left branch) {rC++ rN+ Will+ Str+6 Int-4}
   (You took it off a goblin on level 2 of the Dungeon)

   [ring of strength]

   Str:       It affects your strength (+6).
   Int:       It affects your intelligence (-4).
   rC:        It greatly protects you from cold.
   rN:        It protects you from negative energy.
   Will:      It increases your willpower.
 p - a ring of fire
Wands
 a - a wand of light (9)
 m - a wand of roots (12)
Scrolls
 c - a scroll of teleportation
 f - a scroll of blinking {unknown}
 g - a scroll of enchant armour {unknown}
 h - a scroll of immolation
 s - a scroll of silence {unknown}
Potions
 b - a potion of lignification
 e - a potion of magic {unknown}
 j - 3 potions of curing
 k - a potion of invisibility {unknown}
 n - 2 potions of might {unknown}
 o - a potion of attraction {unknown}
 t - 2 potions of flight {unknown}


   Skills:
 + Level 2.0 Fighting
 * Level 0.1 Maces & Flails
 - Level 2.3 Polearms
 * Level 1.8 Armour
 - Level 1.5 Dodging
 + Level 3.7 Unarmed Combat
 + Level 3.0 Spellcasting
 - Level 2.0 Transmutations
 + Level 1.1 Invocations


You had 7 spell levels left.
You knew the following spells:

 Your Spells              Type           Power      Damage    Failure   Level
a - Beastly Appendage     Tmut           14%        N/A       10%         1
b - Wereblood             Tmut           7%         N/A       16%         2

Your spell library contained the following spells:

 Spells                   Type           Power      Damage    Failure   Level
 Slow                     Hex            4%         N/A       22%         1
 Spider Form              Tmut/Pois      4%         N/A       41%         3
 Confusing Touch          Hex            1%         N/A       56%         3
 Dazzling Flash           Conj/Hex       2%         N/A       56%         3
 Vampiric Draining        Necr           1%         2d6       56%         3
 Ice Form                 Ice/Tmut       4%         N/A       83%         4
 Agony                    Necr           1%         N/A       99%         5
 Silence                  Hex/Air        0%         N/A       99%         5


Dungeon Overview and Level Annotations

Branches:
Dungeon (4/15)
 Temple: D:4-7

Altars:
Ashenzari
Gozag
Okawaru


Innate Abilities, Weirdness & Mutations

You are a tree.
Your roots penetrate the ground, keeping you stationary.
You cannot be teleported.
You are immune to unholy pain and torment.
Your maximum health is greatly increased.
Your equipment is partially melded.
((You have extremely sharp teeth.))
Your natural rate of healing is unusually fast.
When hurt, damage is shared between your health and your magic reserves.
((Your bite disrupts and absorbs the magic of your enemies.))
Potions cannot restore your health.


Message History

The hornet is lightly wounded.
The hornet closely misses you.
You hit the hornet.
The hornet is moderately wounded.
The hornet stings you.
You feel yourself slow down. The hornet closely misses you.
You hit the hornet.
The hornet is moderately wounded.
The hornet closely misses you. The hornet stings you.
You completely miss the hornet. You bite the hornet, but do no damage.
The hornet is moderately wounded.
You feel yourself speed up. The hornet stings you!
The hornet barely misses you. The hornet stings you.
You feel yourself slow down.
You barely miss the hornet. You bite the hornet. You drain its power.
You feel invigorated.
The hornet is heavily wounded.
The hornet misses you. The hornet completely misses you.
The hornet barely misses you.
You miss the hornet. You bite the hornet, but do no damage.
The hornet is heavily wounded.
You feel yourself speed up. The hornet barely misses you.
The hornet stings you.
You feel yourself slow down.
Really quaff the potion of lignification?
You turn into a tree.
Your +2 ring mail of poison resistance melds into your body.
You no longer feel resistant to poison.
Your roots penetrate the ground.
The hornet stings you.
The hornet stings you but does no damage.
You barely miss the hornet.
The hornet is heavily wounded.
You feel yourself speed up.
The hornet stings you but does no damage.
The hornet stings you.
You feel yourself slow down. The hornet stings you!
* * * LOW HITPOINT WARNING * * *
You suddenly lose the ability to move!
You feel yourself speed up. The hornet stings you.
You die...

≈≈≈... ≈≈≈... ...
≈≈≈≈.# ... #####
≈....# ..##...##
..... .......# .....
......# #... .....# #
###### #y...# ######
.......##♣...#
##...##.............#
....................#
..............##...##
.....##.......##...#
.....##.......##...#
......#............#
......#............#
###'###.......##...#


You could see a hornet.

Vanquished Creatures
  A scorpion (D:4)
  3 gnolls (D:3)
  5 adders
  4 dart slugs
  5 orcs
  4 bats
  9 endoplasms
  3 giant cockroaches
  9 goblins
  4 hobgoblins
  5 jackals
  4 kobolds
  3 quokkas
  3 ball pythons (D:1)
  3 frilled lizards
  6 rats
71 creatures vanquished.

Notes
Turn   | Place    | Note
-------+----------+-------------------------------------------
     0 | D:1      | tizbic2 the Vine Stalker Transmuter began the quest for the
                  | Orb.
     0 | D:1      | Reached XP level 1. HP: 9/9 MP: 4/4
    33 | D:1      | Reached skill level 1 in Fighting
   258 | D:1      | Reached XP level 2. HP: 14/14 MP: 6/6
   429 | D:1      | Learned a level 2 spell: Wereblood
   635 | D:1      | Reached skill level 1 in Polearms
   635 | D:1      | Reached XP level 3. HP: 18/18 MP: 7/7
   666 | D:1      | Found a faded altar of an unknown god.
  1197 | D:2      | Identified the ring of Fixation {rC++ rN+ Will+ Str+6
                  | Int-4}
  1226 | D:2      | Reached skill level 1 in Armour
  1226 | D:2      | Gained mutation: Your natural rate of healing is unusually
                  | fast. [Vine Stalker growth]
  1226 | D:2      | Reached XP level 4. HP: 16/22 MP: 6/9
  1438 | D:2      | Found an iron altar of Okawaru.
  1447 | D:2      | Became a worshipper of Warmaster Okawaru
  1801 | D:3      | Reached XP level 5. HP: 9/26 MP: 2/10
  2060 | D:4      | Noticed a black bear
  2115 | D:4      | Reached skill level 1 in Invocations
  2129 | D:4      | Found a broken altar of Ashenzari.
  2129 | D:4      | Found a faded altar of an unknown god.
  2146 | D:4      | Found an opulent altar of Gozag.
  2148 | D:4      | Found an iron altar of Okawaru.
  2149 | D:4      | Found a faded altar of an unknown god.
  2227 | D:4      | Identified the +7 short sword of the Rescuing Gods
                  | {antimagic, Int+4}
  2257 | D:4      | Noticed a hornet
  2266 | D:4      | Paralysed by a hornet for 2 turns
  2267 | D:4      | Slain by a hornet

Illustrated notes

Levels and vault maps discovered:
D:1:      nicolae_arrival_somewhat_less_tricky_arrival, layout_loops_corners,
          shapermc_ecumenical_altar_mp_ritualfount
D:2:      layout_basic, basic_altar
D:3:      layout_rooms
D:4:      layout_gridville, nicolae_qazlal_general_emergency,
          chequers_temple_overflow_minitemple, amethyst_overflow_temple_binary

Skill      XL: |  1  2  3  4  5 |
---------------+----------------+-----
Fighting       | 1 2 |  2.0
Polearms       | 1 2 |  2.3
Armour         | 1 |  1.8
Spellcasting   | 3 |  3.0
Invocations    | 1 |  1.1
Maces & Flails | |  0.1
Dodging        | |  1.5
Unarmed Combat | |  3.7
Transmutations | |  2.0

Action                   |  1- 3 |  4- 6 || total
-------------------------+-------+-------++-------
Melee: Spear             |    80 |    81 ||   161
       Bite              |    11 |     9 ||    20
       Unarmed           |     3 |       ||     3
       Punch             |     2 |     2 ||     4
       Kick              |     1 |     6 ||     7
       Short sword       |       |     7 ||     7
       Flail             |       |     5 ||     5
       Headbutt          |       |     2 ||     2
 Cast: Beastly Appendage |     3 |     7 ||    10
  Use: Scroll            |     2 |     7 ||     9
       Potion            |       |     2 ||     2
Armor: Robe              |     2 |       ||     2
       Scale mail        |    13 |       ||    13
       Ring mail         |     1 |    21 ||    22
       Skin              |       |    22 ||    22
Dodge: Dodged            |    24 |    49 ||    73
